 Dungeon Crawl Stone Soup version 0.27.1 (webtiles) character file.

Game seed: 1712567458398817445

123 MajorAdolf the Skirmisher (level 5, -1/55 HPs)
             Began as a Naga Wanderer on Aug 21, 2021.
             Slain by a centaur (4 damage)
             ... on level 4 of the Dungeon.
             The game lasted 00:04:40 (3192 turns).

MajorAdolf the Skirmisher (Naga Wanderer)           Turns: 3192, Time: 00:04:41

Health: -1/55      AC:  3    Str: 15    XL:     5   Next: 7%
Magic:  6/6        EV:  9    Int:  9    God:
Gold:   111        SH:  0    Dex: 14    Spells: 3/5 levels left

rFire    . . .     SeeInvis +   r - +5 mace (pain)
rCold    . . .     Faith    .   (no shield)
rNeg     . . .     Spirit   .   c - +1 robe
rPois    +         Reflect  .   (no helmet)
rElec    .         Harm     .   (no cloak)
rCorr    .         Rampage  .   (no gloves)
Will     .....                  (no barding)
Stlth    ++........             (no amulet)
HPRegen  0.18/turn              (no ring)
MPRegen  0.10/turn              (no ring)

@: very slow
A: AC +1, large, see invisible, deformed body, poison resistance, slowness 2,
spit poison 1, naga tail 1
a: Spit Poison


You were on level 4 of the Dungeon.
You visited 1 branch of the dungeon, and saw 4 of its levels.

You collected 111 gold pieces.

Inventory:

Hand Weapons
 a - a +2 hand crossbow
 r - a +5 mace of pain (weapon)
Missiles
 b - 15 bolts
Armour
 c - a +1 robe (worn)
Jewellery
 p - a ring of poison resistance
Scrolls
 k - a scroll of teleportation
 o - a scroll of enchant armour
Potions
 e - a potion of mutation {unknown}
 f - a potion of brilliance {unknown}
 g - a potion of might
 h - a potion of flight
 n - a potion of berserk rage {unknown}
 q - a potion of curing {unknown}
Miscellaneous
 d - a piece from Xom's chessboard (15/15)


   Skills:
 + Level 5.7 Fighting
 - Level 2.6 Crossbows
 - Level 1.0 Armour
 + Level 2.6 Stealth
 + Level 0.7 Spellcasting
 + Level 0.8 Conjurations
 - Level 1.0 Evocations


You had 3 spell levels left.
You knew the following spells:

 Your Spells              Type           Power      Damage    Failure   Level
a - Searing Ray           Conj           2%         3d3       38%         2

Your spell library contained the following spells:

 Spells                   Type           Power      Damage    Failure   Level
 Slow                     Hex            0%         N/A       50%         2
 Confusing Touch          Hex            0%         N/A       75%         3
 Inner Flame              Hex/Fire       0%         N/A       75%         3
 Vampiric Draining        Necr           0%         2d6       75%         3
 Lightning Bolt           Conj/Air       0%         1d11      100%        5
 Iron Shot                Conj/Erth      0%         9d1       100%        6


Dungeon Overview and Level Annotations

Branches:
Dungeon (4/15)             Temple (0/1) D:4

Altars:
Sif Muna


Innate Abilities, Weirdness & Mutations

Your serpentine skin is tough. (AC +1)
You have supernaturally acute eyesight. (SInv)
Armour fits poorly on your strangely shaped body.
Your system is resistant to poisons. (rPois)
You cover ground very slowly.
You can spit poison.
You have a snake-like lower body.


Message History

The bolt hits the hobgoblin.
The hobgoblin is severely wounded.
You hear a shout!
A centaur comes into view.
You shoot a bolt. The bolt hits the hobgoblin.
You kill the hobgoblin!
The centaur wields a +0 shortbow.
The centaur shoots an arrow.
The arrow hits you!
The centaur shoots an arrow.
The arrow hits you!
You start resting.
A centaur is nearby!
You start resting.
The centaur shoots an arrow.
The arrow hits you.
The centaur unwields a +0 shortbow.
The centaur barely misses you. The centaur closely misses you.
You have a feeling of ineptitude.
r - a +5 mace of pain (weapon)
The centaur closely misses you. The centaur completely misses you.
You sock the centaur!
The centaur is moderately wounded.
The centaur hits you but does no damage.
The centaur kicks you. The centaur hits you.
The centaur kicks you but does no damage.
You hit the centaur.
The centaur is heavily wounded.
The centaur closely misses you.
The centaur kicks you but does no damage.
The centaur hits you. The centaur kicks you.
You hit the centaur.
The centaur is severely wounded.
The centaur hits you. The centaur kicks you. The centaur closely misses you.
The centaur kicks you.
You sock the centaur!
The centaur is almost dead.
The centaur hits you.
* * * LOW HITPOINT WARNING * * *
The centaur barely misses you. The centaur hits you.
* * * LOW HITPOINT WARNING * * *
The centaur kicks you.
* * * LOW HITPOINT WARNING * * *
The centaur hits you.
You die...

)# #...# ## #...# ####
#####...##.... ##
#...........#
.####.###...##.###
..>..............#
.............#.#.####.#
#####.####............#
#.# #.#.#.#@###### #.#
#......c.##### #.#
#.####.#.....# #.# #.#
#.##.##c# #.# #.#
#.#.....[... #.#
#........... #.#
###..⌠...⌠..#
#..(..)..c# .....>.(...


You could see a centaur.

Vanquished Creatures
  A scorpion zombie (D:3)
  Natasha (D:2)
  A hound skeleton (D:2)
  An ufetubus (D:3)
  A dart slug (D:2)
  5 orcs
  5 bats
  4 endoplasms
  4 goblins
  5 hobgoblins
  5 jackals (D:2)
  2 kobolds
  2 quokkas
  2 ball pythons
  3 frilled lizards
  3 rats
45 creatures vanquished.

Notes
Turn   | Place    | Note
-------+----------+-------------------------------------------
     0 | D:1      | MajorAdolf the Naga Wanderer began the quest for the Orb.
     0 | D:1      | MajorAdolf set off with the following items: a +2 hand
                  | crossbow, 25 bolts, a +0 ring mail, a piece from Xom's
                  | chessboard (15/15)
     0 | D:1      | Reached XP level 1. HP: 22/22 MP: 1/1
     2 | D:1      | Noticed a naga
     2 | D:1      | Noticed a gargoyle
     4 | D:1      | Noticed a formicid
     6 | D:1      | Noticed a human
     6 | D:1      | Noticed a minotaur
     8 | D:1      | Noticed an octopode
     8 | D:1      | Noticed a ghoul
    10 | D:1      | Noticed a felid
    10 | D:1      | Noticed a demigod
    12 | D:1      | Noticed a dwarf
    14 | D:1      | Noticed an ogre
    14 | D:1      | Noticed a palentonga
    16 | D:1      | Noticed a spriggan
    16 | D:1      | Noticed a djinni
    18 | D:1      | Noticed an elf
    20 | D:1      | Noticed a demonspawn
    20 | D:1      | Noticed a draconian
    22 | D:1      | Noticed a vampire
    22 | D:1      | Noticed a troll
    24 | D:1      | Noticed a tengu
    24 | D:1      | Noticed a vine stalker
    26 | D:1      | Noticed a merfolk
    26 | D:1      | Noticed a barachi
   519 | D:1      | Reached XP level 2. HP: 31/31 MP: 2/2
   799 | D:2      | Reached XP level 3. HP: 37/38 MP: 3/3
   941 | D:2      | Reached skill level 5 in Fighting
  1199 | D:2      | Noticed Natasha
  1205 | D:2      | Killed Natasha
  1206 | D:2      | Reached XP level 4. HP: 32/46 MP: 4/4
  1878 | D:3      | Got the Incunabulum of Torrid Attacks
  1892 | D:3      | Learned a level 2 spell: Searing Ray
  2872 | D:4      | Noticed a scorpion
  2880 | D:3      | Reached XP level 5. HP: 39/55 MP: 4/6
  2989 | D:4      | Found a shimmering blue altar of Sif Muna.
  3171 | D:4      | Found a staircase to the Ecumenical Temple.
  3178 | D:4      | Noticed a centaur
  3192 | D:4      | Slain by a centaur

Illustrated notes

Levels and vault maps discovered:
D:1:      kb_arrival_jail, layout_basic
D:2:      layout_basic, uniq_natasha
D:3:      layout_loops_ring
D:4:      layout_loops_ring, mainiacjoe_overflow_catch_the_wave,
          minmay_temple_entry_large_hall

Skill      XL: |  1  2  3 |
---------------+----------+-----
Fighting       | 5 |  5.7
Stealth        | 2 |  2.6
Crossbows      | |  2.6
Armour         | |  1.0
Spellcasting   | |  0.7
Conjurations   | |  0.8
Evocations     | |  1.0

Action                   |  1- 3 |  4- 6 || total
-------------------------+-------+-------++-------
Melee: Mace              |       |     4 ||     4
 Fire: Hand crossbow     |    53 |    46 ||    99
 Cast: Searing Ray       |       |     1 ||     1
 Abil: Spit Poison       |     3 |       ||     3
  Use: Scroll            |       |     9 ||     9
Armor: Ring mail         |     8 |     1 ||     9
       Robe              |       |     6 ||     6
Dodge: Dodged            |    12 |    20 ||    32
